[Event "Championnat du monde jeunes U10F"]
[Date "2024.11.15"]
[White "Berikkyzy Alanna"]
[Black "Giss, Annika"]
[WhiteElo "2043"]
[BlackElo "1586"]
[Round "1.1"]
[Result "1-0"]
[TimeControl "5400+30"]

1. e4 c5 2. Nf3 Nc6 3. d4 cxd4 4. Nxd4 g6 5. Nc3 Nf6 6. Be3 Bg7 7. Nxc6 bxc6 8. e5 Ng8 9. f4 Nh6 10.
Bd3 O-O 11. O-O Qc7 12. Qf3 Bb7 13. Qh3 Rfd8 14. f5 Nxf5 15. Bxf5 gxf5 16. Rxf5 e6 17. Rg5 Kf8 18. Bc5+ 1-0

[Variant "Standard"]
[Site "Europe Echecs"]

[Event "Championnat du monde jeunes U10F"]
[Date "2024.11.15"]
[White "Yi, Ruiyu"]
[Black "Yunker, Alisa Genrietta"]
[WhiteElo "1571"]
[BlackElo "1872"]
[Round "1.2"]
[Result "0-1"]
[TimeControl "5400+30"]

1. d4 Nf6 2. c4 c6 3. Nc3 d5 4. Nf3 dxc4 5. a4 Bf5 6. e3 e6 7. Bxc4 Bb4 8. O-O
O-O 9. Bd3 Bxd3 10. Qxd3 c5 11. Rd1 Nc6 12. Qe2 Qe7 13. Na2 Ba5 14. dxc5 Qxc5
15. Bd2 Rad8 16. Bc1 Ra8 17. Bd2 Rad8 18. Rac1 Qb6 19. Bxa5 Qxa5 20. Nc3 Qb6 21.
Na2 Qa5 22. Nc3 Qb6 23. Na2 Qa5 24. Nc3 Qb6 25. Na2 Qa5 26. Nc3 Qb6 27. Na2 Qa5
28. Nc3 Qb4 29. Na2 Qa5 30. Nc3 Qb4 31. Na2 Qa5 32. Nc3 Qb4 33. Qb5 Qa5 34. Qe2
Qb4 35. Qb5 a6 36. Qxb4 Nxb4 37. Ne2 Nc6 38. Nc3 Nb4 39. Ne2 Nd3 40. Nc3 Nb4 41.
Ne2 Nd3 42. Ra1 Ne4 43. Rac1 Nf6 44. Ra1 Ne4 45. Rac1 Nf6 46. Ra1 Ne4 47. Rac1
Nf6 48. Ra1 Ne4 49. Rf1 Nf6 50. Rfd1 Ne4 51. Rf1 Nxb2 52. Rfb1 Nd3 53. Rf1 Nb2
54. Rfb1 Nd3 55. Rxb7 Rb8 56. Rbb1 Rbd8 57. Rb7 Rb8 58. Rbb1 Rbd8 59. Rb7 Rb8
60. Rab1 Rxb7 61. Rxb7 Ndxf2 62. Ng5 Rd8 63. Nf3 Rf8 64. Ng5 Rd8 65. Nxe4 Nxe4
66. g3 Nc5 67. Rb4 f6 68. Rc4 Rd5 69. Nc3 Re5 70. Kf2 Kf7 71. Kf3 g5 72. Rb4
Rf5+ 73. Ke2 Rf2+ 74. Kxf2 Nd3+ 75. Kf3 Nxb4 76. Ke4 Nd3 77. Kf3 Nb4 78. Ke4 Nc6
79. Kd3 f5 80. Kc4 Ke7 81. Kc5 Kd7 82. Kb6 a5 83. e4 f4 84. gxf4 gxf4 85. Ne2 e5
86. Ng1 Kd6 87. Ne2 Kd7 88. Ng1 Kd6 89. Kb5 h6 90. h3 h5 91. Kc4 Nd4 92. h4 Kc6
93. Kd3 Kc5 94. Kc3 Kd6 95. Kc4 Kc6 96. Kd3 Kc5 97. Kc3 f3 98. Nh3 Ne2+ 0-1

[Variant "Standard"]
[Site "Europe Echecs"]

[Event "Championnat du monde jeunes U10F"]
[Date "2024.11.15"]
[White "Yang, Aimee"]
[Black "Kravchuk, Daria"]
[WhiteElo "1864"]
[BlackElo "1569"]
[Round "1.3"]
[Result "1-0"]
[TimeControl "5400+30"]

1. d4 Nf6 2. Nf3 g6 3. Bf4 Bg7 4. e3 c5 5. c3 cxd4 6. exd4 d6 7. Bd3 O-O 8. O-O Re8 9. Re1 Nc6 10. h3 a6 11. Bh2 b6 12. Nbd2 Bb7 13. a3 b5 14. Qc2 Rc8 15. Rad1 b4 16. Qb3 Rf8 17. Qc2 Re8 18. Qb3 a5 19. Ne4 Nxe4 20. Bxe4 a4 21.
Qxa4 bxc3 22. bxc3 Qc7 23. Rb1 Qd8 24. Rbd1 Qc7 25. Rb1 Qd8 26. Rbd1 Qc7 27. Rb1 Qd8 28. Rbd1 Qc7 29. Rb1 e6 30. Bxd6 Qxd6 31. Rxb7 Ne7 32. Qb3 Nc6 33. Qa4 Ne7 34. Qb3 Rb8 35. Qa4 Rbc8 36. Qb3 Rb8 37. a4 f5 38. Bd3 Nd5 39. Bc4 Rxb7 40. Qxb7 Re7 41. Qa8+ Re8 42. Qb7 Re7 43. Qa8+ Bf8 44. Qb7 Bg7 45. Qa8+ Bf8 46. a5 Nxc3 47. Ng5 Qxd4 48. Nxe6 Rxe6 49. Bxe6+ Kg7 50.
Qb7+ Kh6 51. Qf3 f4 52. Rc1 Bb4 53. Re1 Bf8 54. Rc1 Bb4
55. a6 Nb5 56. Rd1 Nc3 57. Rc1 Nb5 58. Rd1 Nc3 59. Rc1 Nb5 60. Rd1 Nc3 61. Rc1 Nb5 62. Rd1 Qf6 63. Rc1 Qd4 64. Rd1 Qf6 65. Bc4 Nd4 66. Qd5 Nc6 67. Qe6 Qxe6 68. Bxe6 Bc5 69. Rd7 Bb4 70. Rd1 Bc5 71. Rd7 Kg5 72. Rc7 Kf6 73. Rd7 Kg5 74. Rc7 Kf6 75. Rxc6 Bd4 76. Bb3+ Ke5 77. Rc7 1-0

[Variant "Standard"]
[Site "Europe Echecs"]

[Event "Championnat du monde jeunes U10F"]
[Date "2024.11.15"]
[White "Mukhorina, Mariya Dm"]
[Black "Tselmuun, Ider"]
[WhiteElo "1567"]
[BlackElo "1846"]
[Round "1.4"]
[Result "1/2-1/2"]
[TimeControl "5400+30"]

1. e4 c5 2. c3 e6 3. d4 cxd4 4. cxd4 d5 5.
exd5 Qxd5 6. Nc3 Qd8 7. d5 a6 8. Qa4+ Bd7 9. Qb3 b5 10. a3 Nf6 11. Bg5 Be7 12. Nf3 O-O 13. d6 Bxd6 14. Bxf6 Qxf6 15. Ne4 Qe7 16. Nxd6 Qxd6 17. Be2 Bc6 18. O-O Bd5 19. Qd3 Qe7 20. Rfe1 Nd7 21. Bf1 Qf6 22. b4 Rac8 23.
Rac1 Nb6 24. Qe3 Bxf3 25. Qxb6 Rxc1 26.
Rxc1 Qb2 27. Qe3 Bd5 28. g3 h6 29. Bg2 Bc4 30. Bb7 Rd8 31. Be4 f5 32. Bb1 Rd2 33. Rxc4 Qxb1+ 34. Kg2 bxc4 35.
Qxd2 Qe4+ 36. Kg1 Qd3 37. Qxd3 cxd3 38.
Kf1 Kf7 39. f4 Ke7 40. Ke1 Kd6 41. Kd2 e5 42. fxe5+ Kxe5 43. Kxd3 Kd5 44. a4 g6 45. b5 axb5 46. axb5 g5 47. b6 Kc6 48. Kd4 Kxb6 49. Ke5 f4 50. gxf4 gxf4 51. Kxf4 Kc6 52. Kf5 Kd6 53. Kg6 Ke6 54. Kxh6 Kf6 55. h4 Kf7 56. Kh7 Kf8 57. h5 Kf7 58. h6 Kf8 59. Kg6 Kg8 60. h7+ Kh8 61. Kh6 1/2-1/2

[Variant "Standard"]
[Site "Europe Echecs"]

[Event "Championnat du monde jeunes U10F"]
[Date "2024.11.15"]
[White "Wang, Mi Ya Mia"]
[Black "Rosset, Anna"]
[WhiteElo "1552"]
[BlackElo "1814"]
[Round "1.6"]
[Result "1-0"]
[TimeControl "5400+30"]

1. e4 e6 2. d4 d5 3. e5 c5 4. c3 Nc6 5. Nf3 Bd7 6. a3 f6 7. exf6 Nxf6 8. Be3 c4 9. Nbd2 Bd6 10. Be2 Na5 11. O-O O-O 12. Bg5 Qc7 13. h3 Rae8 14. Re1 Bc6 15. Bxf6 Rxf6 16. Qc2 Qd7 17. Bd1 Rg6 18. Ne5 Bxe5 19. Rxe5 Rf8 20. Bg4 Qd6 21. Rae1 Bd7 22. Nf3 Nc6 23. R5e3 Bc8 24. Ne5 Nxe5 25. Rxe5 Rgf6 26. Qe2 Rxf2 27. Qxf2 Rxf2 28. Kxf2 Qb6 29. R1e2 Kf7 30. Bh5+ g6 31. Bg4 h5 32. Bf3 Qb3 33. g4 h4 34. g5 a5 35. Bg4 Qb6 36. Kf3 Qd6 37. Kf4 b5 38. Kf3 Bd7 39. R2e3 Bc8 40. Kf4 Bd7 41. Bf3 b4 42. axb4 axb4 1-0

[Variant "Standard"]
[Site "Europe Echecs"]

[Event "Championnat du monde jeunes U10F"]
[Date "2024.11.15"]
[White "Nandinjiguur, Chinzorig"]
[Black "Saltkhutsishvili, Sara"]
[WhiteElo "1807"]
[BlackElo "1546"]
[Round "1.7"]
[Result "1-0"]
[TimeControl "5400+30"]

1. d4 d5 2. c4 e6 3. Nc3 Be7 4. Nf3 Nf6 5. Bg5 h6 6. Bh4 O-O 7. e3 Ne4 8. Bxe7 Qxe7 9. Nxe4 dxe4 10. Nd2 f5 11. Be2 b6 12. O-O Bb7 13. f3 Nd7 14. fxe4 fxe4 15. Qc2 Nf6 16. c5 bxc5 17. dxc5 Nd5 18. c6 Nb4 19. Qxe4 Bxc6 20. Qe5 Qd6 21. Nc4 Qxe5 22. Nxe5 Be4 23. Bc4 Rfe8 24. Rad1 Nc2 25. Bd3 Bxd3 26. Rxd3 Rad8 27. Rc3 Rd2 28. a3 Red8 29. Rc1 Nxe3 30. Rxe3 Rxb2 31. Nc4 Rb5 32. Rxe6 Rc5 33. Ree1 Rd4 34. Ne3 Re5 35. Nc2 Rxe1+ 36. Rxe1 Rc4 37. Rc1 c5 38. Kf2 h5 39. Ke3 Kf7 40. Kd3 Rf4 41. Ne3 Ra4 42. Nc4 Kf6 43. Rf1+ Ke6 44. Re1+ Kf6 45. Re8 Ra6 46. Rc8 1-0

[Variant "Standard"]
[Site "Europe Echecs"]

[Event "Championnat du monde jeunes U10F"]
[Date "2024.11.15"]
[White "Guerra Mansilla, Maria Ignacia"]
[Black "Rzadkowska, Lila"]
[WhiteElo "1545"]
[BlackElo "1765"]
[Round "1.8"]
[Result "0-1"]
[TimeControl "5400+30"]

1. c4 c5 2. d3 Nc6 3. Nc3 g6 4. g3 Bg7 5. Bg2 e5 6. e4 d6 7. Nge2 Nge7 8. O-O
O-O 9. a3 a5 10. Rb1 Bg4 11. f4 Qd7 12. Bd2 Nd4 13. Qe1 Nb3 14. Qd1 a4 15. Re1
Nd4 16. Nd5 Nxd5 17. exd5 exf4 18. Bxf4 Rfe8 19. Bf1 Nf3+ 20. Kh1 Nxe1 21. Qxe1
Bf3+ 22. Kg1 Bd4+ 0-1

[Variant "Standard"]
[Site "Europe Echecs"]

[Event "Championnat du monde jeunes U10F"]
[Date "2024.11.15"]
[White "Samhita Pungavanam"]
[Black "Minasyan, Arina"]
[WhiteElo "1752"]
[BlackElo "1545"]
[Round "1.9"]
[Result "1-0"]
[TimeControl "5400+30"]

1. e4 c5 2. b3 a6 3. Bb2 d6 4. Nf3 Nf6 5. Nc3 e6 6. Be2 Be7 7. O-O O-O 8. d4 cxd4 9. Nxd4 Qc7 10. Qd3 Nbd7 11. a4 b6 12. Rad1 Bb7 13. Bf3 Rac8 14. Nde2 Ne5 15. Qe3 Nxf3+ 16. Qxf3 d5 17. exd5 Nxd5 18. Nxd5 Bxd5 19. Qg4 f6 20. c4 Bc6 21. Qxe6+ Kh8 22. Nd4 Ba8 23. Nf5 Qb7 24. Nh4 Rfd8 25. Rxd8+ Rxd8 26. Re1 Bf8 27. Ba3 Qb8 28. Bxf8 Rxf8 29. h3 Qf4 30. Qf7 Qd6 31. Re8 Qd1+ 32. Kh2 Qd6+ 33. g3 h6 34. Rxf8+ Qxf8 35. Ng6+ Kh7 36. Nxf8+ Kh8 37. Ng6+ Kh7 38. Ne7 Bd5 39. cxd5 b5 40. Qg8# 1-0

[Variant "Standard"]
[Site "Europe Echecs"]

[Event "Championnat du monde jeunes U10F"]
[Date "2024.11.15"]
[White "Pham Nhu Y"]
[Black "Billod-Laillet, Camille"]
[WhiteElo "1545"]
[BlackElo "1732"]
[Round "1.10"]
[Result "1/2-1/2"]
[TimeControl "5400+30"]

1. d4 d5 2. Nf3 Nf6 3. c4 c6 4. Nc3 Bf5 5. Bf4 e6 6. e3 Nbd7 7. h3 h5 8. Rc1 Ne4 9. h4 Nxc3 10. Qb3 Ne4 11. Qxb7 Qc8 12. Qxc8+ Rxc8 13. c5 Nb8 14. b4 f6 15. a4 a6 16. b5 axb5 17. axb5 cxb5 18. Bxb5+ Nd7 19. c6 Bb4+ 20. Kf1 1/2-1/2

[Variant "Standard"]
[Site "Europe Echecs"]

[Event "Championnat du monde jeunes U10F"]
[Date "2024.11.15"]
[White "Nguyen, Lam Vy Le"]
[Black "Mence, Jasmina"]
[WhiteElo "1728"]
[BlackElo "1542"]
[Round "1.11"]
[Result "1-0"]
[TimeControl "5400+30"]

1. e4 e5 2. Nf3 Nc6 3. Bc4 Nf6 4. d3 Bc5 5. c3 a6 6. Nbd2 d6 7. h3 Ba7 8. Bb3
Qe7 9. Nf1 Be6 10. Ng3 d5 11. Bg5 d4 12. Nh5 Rg8 13. Ba4 h6 14. Bxf6 gxf6 15. g4
b5 16. Bc2 Rg6 17. Qd2 Qc5 18. Rf1 O-O-O 19. a4 b4 20. c4 Bb6 21. Nh4 Rg5 22. b3
Qe7 23. Ke2 a5 24. f4 Rgg8 25. Ng3 Qd6 26. Nhf5 Bxf5 27. Nxf5 Qf8 28. Rf2 Ne7
29. fxe5 fxe5 30. Nxh6 Rg7 31. Raf1 Qe8 32. Nxf7 Rd7 33. Nxe5 Rd6 34. Rf8 1-0

[Variant "Standard"]
[Site "Europe Echecs"]

[Event "Championnat du monde jeunes U10F"]
[Date "2024.11.15"]
[White "Isakhanyan, Nare"]
[Black "Bakhshi, Rana"]
[WhiteElo "1540"]
[BlackElo "1727"]
[Round "1.12"]
[Result "1-0"]
[TimeControl "5400+30"]

1. d4 d5 2. c4 e6 3. Nc3 Nf6 4. cxd5 exd5 5. Bg5 c6 6. e3 Bd6 7. Bd3 h6 8. Bh4
O-O 9. Nge2 Re8 10. Qc2 a5 11. h3 Na6 12. a3 Nc7 13. O-O Ne6 14. Rac1 Bd7 15.
Bg3 Qe7 16. Bxd6 Qxd6 17. Na4 Ng5 18. Nc5 Bc8 19. Ng3 Qf8 20. Rfd1 g6 21. h4 Ne6
22. Nxe6 Bxe6 23. b4 Ng4 24. h5 Qg7 25. hxg6 fxg6 26. Bxg6 Rf8 27. Nh5 Qc7 28.
Nf4 axb4 29. axb4 Rf6 30. Bh5 Kh8 31. Bxg4 Bxg4 32. Nxd5 Bxd1 33. Qxd1 Qf7 34.
Nxf6 Qxf6 35. Ra1 Rf8 36. Qc2 Rg8 37. Ra5 Qf3 38. g3 Rf8 39. Ra1 h5 40. Re1 h4
41. Qe2 Qf5 42. e4 Qg5 43. Qe3 Qg6 44. Kg2 Rf7 45. Rh1 Rh7 46. Qf4 Kg8 47. Rxh4
Rf7 48. Rg4 Rxf4 49. Rxg6+ Kf7 50. gxf4 Kxg6 51. f5+ Kf6 52. Kg3 b5 53. Kf4 1-0

[Variant "Standard"]
[Site "Europe Echecs"]

[Event "Championnat du monde jeunes U10F"]
[Date "2024.11.15"]
[White "Peng, Jingyi(GD)"]
[Black "Smilic, Nina"]
[WhiteElo "1720"]
[BlackElo "1540"]
[Round "1.13"]
[Result "1-0"]
[TimeControl "5400+30"]

1. Nf3 Nf6 2. c4 c5 3. Nc3 d6 4. e3 Nc6 5. d4 cxd4 6. exd4 d5 7. c5 g6 8. Bb5 Bg7 9. Ne5 Bd7 10. O-O O-O 11. Re1 e6 12. Bxc6 Bxc6 13. Nxc6 bxc6 14. b4 Rb8 15. Rb1 Qc7 16. a4 a6 17. Qd3 Qa7 18. Bf4 Rb7 19. b5 axb5 20. axb5 cxb5 21. Ra1 Qxa1 22. Rxa1 b4 23. Nb5 Nh5 24. Bd6 Re8 25. c6 Rb6 26. c7 Nf6
27. Rc1 h6 28. c8=Q Rxc8 29. Rxc8+ 1-0

[Variant "Standard"]
[Site "Europe Echecs"]

[Event "Championnat du monde jeunes U10F"]
[Date "2024.11.15"]
[White "Ritinioti, Sofia"]
[Black "Anistoroaei, Maria"]
[WhiteElo "1534"]
[BlackElo "1715"]
[Round "1.14"]
[Result "0-1"]
[TimeControl "5400+30"]

1. d4 d5 2. Nf3 Nf6 3. Bf4 c5 4. e3 Nc6 5. Nbd2 e6 6. c3 Be7 7. Bd3 O-O 8. Ne5 Bd6 9. Ndf3 Qc7 10. Qb1 a6 11. a4 Bd7 12. O-O c4 13. Bc2 b5 14. axb5 axb5 15. Qd1 b4 16. cxb4 Nxb4 17. Qd2 Nxc2 18. Qxc2 Ne4 19. Nxd7 Qxd7 20. Bxd6 Qxd6 21. b3 c3 22. Ne5 Ra3 23. Rfd1 Rfa8 24. Rxa3 Qxa3 25. f3 Qb2 26. Qc1 Ra2 27. Qxb2 cxb2 28. fxe4 Ra1 29. Rxa1 bxa1=Q+ 30. Kf2 Qb2+ 31. Kg3 Qxb3 32. Kf4 f6 33. Nf3 g5+ 34. Kg3 dxe4 35. Kf2 exf3 36. Kxf3 Qc2 37. Kg3 Qe2 38. h3 Qxe3+ 39. Kh2 Qxd4 40. Kg3 Qf4# 0-1

[Variant "Standard"]
[Site "Europe Echecs"]

[Event "Championnat du monde jeunes U10F"]
[Date "2024.11.15"]
[White "Tran Hoang Bao An"]
[Black "Aragonda, Sahasra"]
[WhiteElo "1714"]
[BlackElo "1526"]
[Round "1.15"]
[Result "1/2-1/2"]
[TimeControl "5400+30"]

1. d4 Nf6 2. c4 e6 3. Nf3 Bb4+ 4. Bd2 Qe7 5. a3 Bxd2+ 6. Nbxd2 b6 7. g3 Bb7 8. Bg2 d6 9. O-O Nbd7 10. Re1 O-O 11. e4 e5 12. Qc2 Rad8 13. Rad1 Rfe8 14. b4 c5 15. bxc5 bxc5 16. d5 Rb8 17. Nb3 Nb6 18. Na5 Qc7 19. Rb1 Ba8 20. Re3 Nbxd5 21. Rxb8 Rxb8 22. exd5 Qxa5 23. Rb3 Rb6 24. h3 g6 25. Qb2 Bb7 26. Kh2 Ba6 27. Bf1 Ne4 28. Bd3 Nf6 29. Rxb6 axb6 30. Be2 Kg7 31. Kg2 Nd7 32. Kf1 Bc8 33. Nd2 Nf6 34. Kg2 Qa7 35. g4 Qb7 36. f4 Qe7 37. g5 Nd7 38. Bg4 Kg8 39. Bxd7 Bxd7 40. Ne4 exf4 41. Nf6+ Kf8 42. Nxh7+ Kg8 43. Nf6+ Kf8 44. Nxd7+ Qxd7 45. Qh8+ Ke7 46. Qf6+ Kf8 47. Qxf4 Qe7 48. Kf3 Qd7 49. Qh4 Qf5+ 50. Ke3 Qe5+ 51. Kd3 Qf5+ 52. Kc3 Qf3+ 53. Kb2 Qe2+ 54. Kb3 Qd1+ 55. Kc3 Qf3+ 56. Kd2 Qg2+ 57. Ke3 Qg1+ 58. Ke2 Qg2+ 59. Kd1 Qf1+ 60. Kd2 Qg2+ 61. Ke3 Qg1+ 62. Kf3 Qf1+ 63. Kg3 Qd3+ 64. Kh2 Qe2+ 65. Kg1 Qe3+ 66. Kf1 Qf3+ 67. Kg1 Qe3+ 68. Kg2 Qe2+ 69. Kg3 Qe1+ 70. Kg4 Qe4+ 71. Kg3 Qe1+ 1/2-1/2

[Variant "Standard"]
[Site "Europe Echecs"]

[Event "Championnat du monde jeunes U10F"]
[Date "2024.11.15"]
[White "Kocherha, Yelizavieta"]
[Black "Bhavanya Panchumarthi"]
[WhiteElo "1523"]
[BlackElo "1703"]
[Round "1.16"]
[Result "0-1"]
[TimeControl "5400+30"]

1. e4 c6 2. d4 d5 3. e5 c5 4. dxc5 e6 5. Be3 Nc6 6. Bb5 Bd7 7. Bxc6 Bxc6 8. Nf3 Ne7 9. Nc3 Qc7 10. Bd4 Nf5 11. a4 Nxd4 12. Qxd4 Be7 13. b4 a5 14. Nb5 Bxb5 15. axb5 O-O 16. c3 axb4 17. Rxa8 Rxa8 18. cxb4 Qd7 19. O-O Qxb5 20. h3 g6 21. Qd2 Ra4 22. Rb1 Bxc5 23. Qh6 Bf8 24. Qg5 Rxb4 25. Rxb4 Qxb4 26. Qg3 b5 27. Ng5 Bg7 28. Qe3 Bh6 29. Qg3 Bxg5 30. Qxg5 Qe1+ 31. Kh2 Qxf2 32. Qc1 b4 33. Kh1 b3 34. Qb1 b2 35. h4 Qxh4+ 36. Kg1 Qd4+ 37. Kh1 Qc3 38. Qf1 Qc1 39. g4 Qxf1+ 40. Kh2 Qf2+ 41. Kh3 b1=Q 42. g5 Qbf5# 0-1

[Variant "Standard"]
[Site "Europe Echecs"]

[Event "Championnat du monde jeunes U10F"]
[Date "2024.11.15"]
[White "Filippova, Milana"]
[Black "Ivanova, Darina"]
[WhiteElo "1687"]
[BlackElo "1516"]
[Round "1.17"]
[Result "1-0"]
[TimeControl "5400+30"]

1. e4 c5 2. Nf3 Nc6 3. Bb5 g6 4. O-O Bg7 5. Re1 d6 6. e5 dxe5 7. Nxe5 Bd7 8. Bxc6 Bxc6 9. Nxc6 bxc6 10. Nc3 Nf6 11. d3 O-O
12. Be3 Nd5 13. Bc1 Nf6 14. Be3 Nd5 15. Bxc5 Nxc3 16. bxc3 Bxc3 17. Bxe7 Qb6 18. Bxf8 Bxe1 19. Qxe1 Rxf8 20. Qd2 Qc5 21.
Qe1 Qb6 22. Rb1 Qc5 23. Qd2 Qb6 24. Qe1 Qc5 25. Qd2 Re8 26. Qe1 Rf8 27. Qd2 Re8 28. Qe1 Rf8 29. Qd2 Re8 30. h3 Re5 31. d4 Rd5
32. c3 Qd6 33. Qb2 Rb5 34. Qc2 Ra5 35. Qd2 Rd5 36. Qb2 Rb5 37. Qc2 Ra5 38. Qd2 Rd5 39. Qb2 Rb5 40. Qc2 Ra5 41. Qd2 Rd5
42. Qb2 Rb5 43. Qc2 Ra5 44. Rb7 Rd5 45. Rb1 Ra5 46. Rb7 a6 47. Qe4 Rf5 48. Qc2 Ra5 49. Qe4 Rf5 50. Qc2 Ra5 51. Qe4 Rf5 52. Qc2 Ra5 53. Qe4 Rf5 54. Rb6 Ra5 55. Rb7 Rf5 56. Rb6 Qa3 57. Rxc6 Qc1+ 58. Kh2 Rxf2 59. Qe5 Rf5 60. Qe4 Rf2 61. Qe5 f6 62. Rxf6 Rxf6 63. Qxf6 Qxc3 64. Qe6+ Kg7 65. d5 Qd2 66. Qe5+ 1-0

[Variant "Standard"]
[Site "Europe Echecs"]

[Event "Championnat du monde jeunes U10F"]
[Date "2024.11.15"]
[White "Poliak, Margarita"]
[Black "Tu, Tiffany"]
[WhiteElo "1514"]
[BlackElo "1687"]
[Round "1.18"]
[Result "1-0"]
[TimeControl "5400+30"]

1. e4 e5 2. Nf3 Nc6 3. Bc4 Nf6 4. d4 exd4 5. e5 Ne4 6. O-O d5 7. Bb5 Bd7 8. Bxc6
bxc6 9. Nxd4 Be7 10. f3 Nc5 11. Nd2 Ne4 12. Nb1 Nc5 13. Nd2 Ne4 14. Nb1 Nc5 15.
Nd2 Ne4 16. Nb1 Nc5 17. Nd2 Ne4 18. Nb1 Nc5 19. Nd2 O-O 20. Kh1 f6 21. exf6 Bxf6
22. N2b3 Be7 23. Nd2 Bf6 24. N2b3 Be7 25. Nd2 Bf6 26. N2b3 Be7 27. Nd2 Bf6 28.
N2b3 Nb7 29. Nd2 Nc5 30. N2b3 Nb7 31. c3 c5 32. Ne2 Bb5 33. Rg1 Bd7 34. Rf1 Bb5
35. Rg1 Bd7 36. Rf1 Bb5 37. Rg1 Be5 38. Rf1 Bf6 39. Rg1 Be5 40. Rf1 Bf6 41. Rg1
Be5 42. Rf1 Bf6 43. Rg1 Be5 44. Rf1 Bf6 45. Rg1 Be5 46. Rf1 Bf6 47. Rg1 Be5 48.
f4 Bxe2 49. Qxe2 Bf6 50. Qd1 Be5 51. Qe2 Bf6 52. Qd1 Be5 53. Qe2 Bxf4 54. Bxf4
Rxf4 55. Qe6+ Kh8 56. Qe2 Kg8 57. Qe6+ Kh8 58. Rgd1 1-0

[Variant "Standard"]
[Site "Europe Echecs"]

[Event "Championnat du monde jeunes U10F"]
[Date "2024.11.15"]
[White "Meng, Miranda"]
[Black "Kuvandikova, Nafisa"]
[WhiteElo "1675"]
[BlackElo "1512"]
[Round "1.19"]
[Result "1-0"]
[TimeControl "5400+30"]

1. d4 Nf6 2. c4 c5 3. d5 e6 4. Nc3 exd5 5. cxd5 d6 6. e4 a6 7. Bd3 b5 8. a3 g6 9. Nf3 Bg7 10. h3 O-O 11. O-O Re8 12. Re1 Nbd7 13. Bf4
Qc7 14. Rc1 c4 15. Bc2 Nc5 16. Nd4 Bb7 17. Bb1 Nh5 18. Be3 Nf6 19. f3 Rad8 20. b3 cxb3 21. Nxb3 Qe7 22. Nd4 Qc7 23. Nb3 Qe7 24. Nd4 Qc7 25. Nb3 Qe7 26. Nd4 Qc7
27. Nb3 Qe7 28. Nd4 Qc7 29. Nb3 Qe7 30. Nd4 Qc7 31. Nb3 Qe7 32. Nd4 Qc7 33. Nb3 Qe7 34. Nxc5 dxc5 35. Na2 c4 36. Bb6 Rd7 37. Be3 Rdd8 38. Bb6 Rd7 39. a4 Qd6 40. Bd4 Nh5 41. Bc5 Nf6 42. Bd4 Nh5 43. Bxg7 Kxg7 44. Qd4+ Kg8 45. Qd1 Kg7 46. Qd4+ Kg8 47. Qd1 Kg7
48. Qd4+ Kg8 49. Qd1 Kg7 50. Qd4+ Kg8 51. Qd1 Kg7 52. Qd4+ Kg8 53. Qd1 Kg7 54. Qd4+ Kg8 55. Qd1 Kg7 56. Qd4+ Kg8 57. Bc2 Qg3 58. Qf2 Qg5 59. Qd4 Qg3 60. Qf2 Qg5 61. Qd4 Qg3 62. Qf2 Qg5 63. Rb1 Qg3 64. Rbc1 Qg5 65. Rb1 Qg3 66. Rbc1 Qg5 67. Rb1 Qg3 68. Rbc1 Qg5 69. Rb1 Nf4 70. Kh2 h6 71.
axb5 axb5 72. Rxb5 Bxd5 73. h4 Qe5 74. g3 Nd3 75. Bxd3 cxd3 76. Nb4 Rb8 77. Rxb8+ Qxb8 78. Nxd5 Rb7 79. Rd1 Rb2 80. Rd2 Rxd2 81. Qxd2 Qb3 82. Qf2 Qb8 83. Qd2 Qb3 84. Qf2 Qb8 85. Qd2 Qb3 86. Nf4 Qc2 87. Qxc2 dxc2 88. Nd3 1-0

[Variant "Standard"]
[Site "Europe Echecs"]

[Event "Championnat du monde jeunes U10F"]
[Date "2024.11.15"]
[White "Minzat, Victoria"]
[Black "Stoica, Melina-Theodora"]
[WhiteElo "1505"]
[BlackElo "1675"]
[Round "1.20"]
[Result "0-1"]
[TimeControl "5400+30"]

1. e4 c6 2. Nc3 d5 3. f3 d4 4. Nce2 e5 5. d3 Nf6 6. c3 c5 7. Nh3 Bxh3 8. gxh3 Nc6 9. Qb3 Qc7 10. f4 Bd6 11. f5 g6 12. fxg6 hxg6 13. Rg1 Be7 14. Bd2 Qb6 15. Qxb6 axb6 16. a3 Na5 17. Bg5 Nc6 18. Bd2 Na5 19. Bg5 Nh5 20. Bxe7 Kxe7 21. O-O-O dxc3 22. Nxc3 Nf4 23. Rg3 Nb3+ 24. Kb1 Nd4 25. Re1 Kd6 26. Ne2 Ndxe2 27. Bxe2 Rxh3 28. Rxh3 Nxh3 29. Rf1 Nf4 30. Rf2 Rh8 31. Bf1 Rh7 32. Kc2 Ne6 33. h3 Ng5 34. Rh2 Nf3 35. Rf2 Nd4+ 36. Kb1 f5 37. exf5 gxf5 38. Bg2 Kc7 39. Kc1 f4 40. Kd2 Kd6 41. Kc3 b5 42. Kd2 b6 43. Kc3 Ne6 44. Kd2 Ng5 45. Ke2 Nxh3 46. Bxh3 Rxh3 47. Rf3 Rxf3 48. Kxf3 Kd5 49. b3 Kd4 50. Ke2 e4 51. dxe4 Kxe4 52. Kd2 Kf3 53. Ke1 Kg2 54. Ke2 f3+ 55. Ke3 f2 56. Ke4 f1=Q 57. Kd5 Qf5+ 58. Kc6 Qe6+ 59. Kxb5 Qxb3+ 60. Kc6 c4 61. a4 c3 62. a5 c2 63. axb6 c1=Q+ 64. Kb7 Qcb1 65. Kc7 Qxb6+ 66. Kd7 Qd1+ 67. Ke7 Qe3+ 68. Kf6 Qdf3+ 69. Kg6 Qe6+ 70. Kg7 Qff7+ 71. Kh8 Qee8# 0-1

[Variant "Standard"]
[Site "Europe Echecs"]

[Event "Championnat du monde jeunes U10F"]
[Date "2024.11.15"]
[White "Constantin-Ciuntu, Anne-Sophie"]
[Black "Deviatkova, Diana"]
[WhiteElo "1672"]
[BlackElo "1503"]
[Round "1.21"]
[Result "1-0"]
[TimeControl "5400+30"]

1. d4 d5 2. Bf4 Bd7 3. Nf3 Nf6 4. e3 e6 5. c4 Be7 6. Nc3 Bc6 7. h3 Nbd7 8. Be2
O-O 9. Qc2 Nb6 10. b3 Re8 11. O-O Bb4 12. c5 Bxc3 13. Qxc3 Nbd7 14. b4 a6 15. a4
Ne4 16. Qb2 Ndf6 17. Ne5 h6 18. f3 Ng5 19. Bxg5 hxg5 20. b5 axb5 21. axb5 Bd7
22. Rxa8 Qxa8 23. Ra1 Qb8 24. Qd2 c6 25. b6 Qd8 26. Ra7 Bc8 27. Qe1 Nd7 28. Nxd7
Qxd7 29. Qg3 Qe7 30. Qd6 f6 31. Ra8 Kf7 32. f4 gxf4 33. Bh5+ g6 34. Bxg6+ Kxg6
35. Qxe7 Rxe7 36. Rxc8 fxe3 37. Rc7 Re8 38. Rxb7 e2 39. Kf2 e5 40. Kxe2 e4 41.
Rc7 e3 42. Rxc6 Kf5 43. b7 Ke4 44. Rc8 Rxc8 45. bxc8=Q Kxd4 46. c6 Ke4 47. c7 d4
48. Qe6+ Kf4 49. c8=Q d3+ 50. Kxd3 e2 51. Qe3# 1-0

[Variant "Standard"]
[Site "Europe Echecs"]

[Event "Championnat du monde jeunes U10F"]
[Date "2024.11.15"]
[White "Abibulla, Inzhu"]
[Black "Serradell Munoz, Silvia"]
[WhiteElo "1499"]
[BlackElo "1670"]
[Round "1.22"]
[Result "1-0"]
[TimeControl "5400+30"]

1. e4 c5 2. Nf3 g6 3. d4 cxd4 4. Nxd4 Bg7 5. Nc3 Nc6 6. Be3 Nf6 7. Be2 O-O 8. O-O d6 9. f3 Qb6 10. Rb1 Nxe4 11. Nd5 Nc3 12. bxc3 Qd8 13. Nxc6 bxc6 14. Nf4 Bxc3 15. Nd3 Be6 16. Bh6 Re8 17. Bd2 Bd4+ 18. Kh1 Bxa2 19. Rc1 c5 20. c3 Bg7 21. c4 Qb6 22. Qe1 Reb8 23. f4 a5 24. f5 a4 25. fxg6 hxg6 26. Qf2 Rf8 27. Bc3 Bh6 28. Qh4 Bg7 29. Bxg7 Kxg7 30. Qxe7 d5 31. Qe5+ Kg8 32. Rf6 Qd8 33. Rd6 Qc7 34. Rxg6+ fxg6 35. Qxc7 Rae8 36. Bf3 Bxc4 37. Nf2 d4 38. Qxc5 Be2 39. Bd5+ Kh7 40. Qa7+ Kh6 41. Qxd4 a3 42. Qh4+ Bh5 43. h3 1-0

[Variant "Standard"]
[Site "Europe Echecs"]

[Event "Championnat du monde jeunes U10F"]
[Date "2024.11.15"]
[White "Wang, Yi Xuan"]
[Black "Kiss, Villo"]
[WhiteElo "1668"]
[BlackElo "1492"]
[Round "1.23"]
[Result "1-0"]
[TimeControl "5400+30"]

1. d4 Nf6 2. c4 g6 3. Nc3 d5 4. cxd5 Nxd5 5. Bd2 Bg7 6. e4 Nxc3 7. Bxc3 O-O 8.
h3 c5 9. d5 f5 10. Bxg7 Kxg7 11. e5 e6 12. d6 Nc6 13. Nf3 b5 14. h4 h5 15. Qd2
c4 16. a4 Na5 17. Nd4 a6 18. axb5 axb5 19. Nc6 Qb6 20. Nxa5 c3 21. Qxc3 b4 22.
Qc7+ Qxc7 23. dxc7 Rf7 24. Be2 Rxc7 25. O-O Rb8 26. Rac1 Rxc1 27. Rxc1 Kh6 28.
Nc6 Rb7 29. Nd8 Rb8 30. Rc7 b3 31. Nf7+ Kg7 32. Nd6+ 1-0

[Variant "Standard"]
[Site "Europe Echecs"]

[Event "Championnat du monde jeunes U10F"]
[Date "2024.11.15"]
[White "Lisboa, Maria Eduarda Mazzaroppi"]
[Black "Cetin, Beren"]
[WhiteElo "1490"]
[BlackElo "1658"]
[Round "1.24"]
[Result "0-1"]
[TimeControl "5400+30"]

1. e4 c5 2. Nf3 Nc6 3. d3 e6 4. Nbd2 d5 5. g3 Nf6 6. Bg2 Be7 7. O-O O-O 8. Re1 Qc7 9. Qe2 d4 10. Nf1 b5 11. h4 e5 12. N1h2 Ng4 13. Bd2 Nxh2 14. Nxh2 Be6 15. Bf3 c4 16. a3 a5 17. Bg4 Nd8 18. Bxe6 Nxe6 19. Qg4 cxd3 20. cxd3 Qc2 21. Qe2 Nc5 22. Rec1 Qxd3 23. Qxd3 Nxd3 24. Rc7 Bd6 25. Rb7 Rfb8 26. Rd7 Bf8 27. Rb1 Nc5 28. Rd5 Nxe4 29. Be1 f6 30. f3 Nd6 31. b4 a4 32. Nf1 Nc4 33. Ra1 Kf7 34. Rd7+ Ke6 35. Rc7 Kd6 36. Rf7 Ke6 37. Rc7 Be7 38. Nd2 Kd6 39. Rc5 Kd7 40. Ne4 Bxc5 41. Nxc5+ Kd6 42. Ne4+ Kd5 43.
Nf2 f5 44. Nd3 Rc8 45. Bf2 Nd2 46. Kg2 Rc3 47. Ne1 Nb3 48. Rb1 Rc1 49. Rb2 e4 50. fxe4+ fxe4 51. Re2 e3 52. Bg1 Ke4 53. Nf3 Rf8 54. Ng5+ Kd3 55. Ra2 Rc2+ 0-1

[Variant "Standard"]
[Site "Europe Echecs"]